 Dungeon Crawl Stone Soup version 0.18.1-48-g4cf74bf (webtiles) character file.

1218 Inkary the Skirmisher (level 8, -8/52 HPs)
             Began as a Gargoyle Fighter on July 28, 2016.
             Mangled by an orc warrior
             ... wielding a +0 long sword
              (13 damage)
             ... on level 6 of the Dungeon.
             The game lasted 00:08:05 (3804 turns).

Inkary the Skirmisher (Gargoyle Fighter)            Turns: 3804, Time: 00:08:06

Health: -8/52      AC: 24    Str: 19    XL:     8   Next: 46%
Magic:  8/8        EV:  7    Int: 15    God:
Gold:   281        SH: 10    Dex:  9    Spells: 0 memorised, 7 levels left

rFire  + + .     SeeInvis .     k - +1 mace (protect)
rCold  + . .     Gourm    .     b - +0 scale mail
rNeg   + . .     Faith    .     c - +0 shield
rPois  ∞         Spirit   .     s - +2 helmet
rElec  +         Dismiss  .     j - +0 cloak
rCorr  +         Reflect  .     (no gloves)
SustAt .         Harm     .     (no boots)
MR     .....                    (no amulet)
Stlth  +.........               o - ring of protection from fire
                                g - ring of stealth

@: brilliant, resistant, not resistant to hostile enchantments, very unstealthy
A: talons 1, thin metallic scales 1, negative energy resistance 1, electricity
resistance, weak 1, unbreathing, petrification resistance, rot immunity, AC +5
a: no special abilities


You were on level 6 of the Dungeon.
You were not hungry.

You visited 1 branch of the dungeon, and saw 6 of its levels.

You collected 281 gold pieces.

Inventory:

Hand Weapons
 k - a +1 mace of protection (weapon)
Armour
 b - a +0 scale mail (worn)
 c - a +0 shield (worn)
 j - a +0 cloak (worn)
 s - a +2 helmet (worn)
Jewellery
 g - a ring of stealth (left hand)
 o - a ring of protection from fire (right hand)
Wands
 u - a wand of lightning (8/15)
Scrolls
 a - 3 scrolls of remove curse
 e - 2 scrolls of enchant armour {unknown}
 h - a scroll of identify
 i - a scroll of blinking
 n - 2 scrolls of fear
 p - a scroll of magic mapping {unknown}
 t - 2 scrolls of enchant weapon {unknown}
 v - a scroll of fog {unknown}
Potions
 l - 3 potions of resistance
Comestibles
 f - 7 bread rations
 q - 3 meat rations
 x - 2 chunks of flesh


   Skills:
 + Level 6.4 Fighting
 + Level 5.2 Maces & Flails
 + Level 6.4 Armour
 + Level 6.1 Shields


You had 7 spell levels left.
You didn't know any spells.

Dungeon Overview and Level Annotations

Branches:
Dungeon (6/15)
 Temple: D:4-7

Altars:
Pakellas
Sif Muna

Shops:
D:5 }


Innate Abilities, Weirdness & Mutations

You are resistant to torment.
Your stone body is resilient (AC +5).
You are immune to poison.
You resist negative energy.
You are resistant to electric shocks.
You can survive without breathing.
You are immune to petrification.
You are immune to rotting.
You have sharp toenails.
You are partially covered in thin metallic scales (AC +2).
You are weak. (Str -2)


Message History

The orc warrior is severely wounded.
The orc priest hits you but does no damage.
Drink which item? (? for menu, Esc to quit)
It was a potion of magic.
Magic courses through your body. The orc warrior closely misses you.
The orc priest hits you but does no damage.
You barely miss the orc warrior.
The orc warrior is severely wounded.
The orc warrior hits you with a long sword.
* * * LOW HITPOINT WARNING * * *
The orc priest hits you but does no damage.
You hit the orc warrior.
The orc warrior is almost dead.
The orc warrior hits you with a long sword.
* * * LOW HITPOINT WARNING * * *
You block the orc priest's attack.
You hit the orc warrior but do no damage.
The orc warrior is severely wounded.
The orc warrior hits you with a long sword!
You die...

..........
########.#
..........
#../@oooo#
..........
##>########
..........
#..#
..........
#.##
#........# #.#
.........###.#
.............#
...........###
...........#


You could see an orc warrior, an orc priest and 2 orcs.

Vanquished Creatures
  Sigmund (D:4)
  Duvessa (D:4)
  A sky beast (D:6)
  A centaur (D:4)
  Dowan (D:4)
  A centaur zombie (D:5)
  3 crimson imps
  A centaur skeleton (D:4)
  2 giant frog skeletons
  2 hounds
  Crazy Yiuf (D:5)
  2 orc wizards (D:5)
  2 iguanas
  2 worker ants
  Robin (D:3)
  7 gnolls
  6 adders
  2 worms (D:2)
  A dart slug (D:1)
  3 giant geckos
  21 orcs
  5 giant cockroaches
  13 goblins
  14 hobgoblins
  6 jackals
  A quokka (D:5)
  4 ball pythons
  A ball python skeleton (D:6)
  5 bats
  A giant gecko zombie (D:5)
  5 giant newts
  6 kobolds
  4 rats
127 creatures vanquished.

Vanquished Creatures (others)
  A lightning spire (D:4)
  2 bushes (D:4)
3 creatures vanquished.

Grand Total: 130 creatures vanquished

Notes
Turn   | Place    | Note
--------------------------------------------------------------
     0 | D:1      | Inkary the Gargoyle Fighter began the quest for the Orb.
     0 | D:1      | Reached XP level 1. HP: 14/14 MP: 1/1
   146 | D:1      | Reached XP level 2. HP: 17/19 MP: 2/2
   494 | D:2      | Found a deep blue altar of Sif Muna.
   623 | D:2      | Reached XP level 3. HP: 24/24 MP: 3/3
   982 | D:3      | Reached XP level 4. HP: 29/29 MP: 4/4
  1204 | D:3      | Noticed Robin
  1432 | D:3      | Killed Robin
  1557 | D:3      | Reached XP level 5. HP: 28/33 MP: 5/5
  1581 | D:3      | Found a faded altar to an unknown god.
  1880 | D:4      | You fall through a shaft for 2 floors!
  1942 | D:6      | Noticed a sky beast
  1968 | D:6      | Killed a sky beast
  1968 | D:6      | Reached skill level 5 in Armour
  1968 | D:6      | Reached XP level 6. HP: 33/39 MP: 6/6
  2008 | D:5      | Entered Level 5 of the Dungeon
  2152 | D:4      | Noticed Dowan
  2157 | D:4      | Noticed Duvessa
  2176 | D:4      | Killed Dowan
  2185 | D:4      | HP: 2/40 [Duvessa/short sword of venom (7)]
  2217 | D:4      | Killed Duvessa
  2217 | D:4      | Reached skill level 5 in Fighting
  2217 | D:4      | Reached skill level 5 in Shields
  2217 | D:4      | Reached XP level 7. HP: 4/44 MP: 7/7
  2515 | D:4      | Noticed Sigmund
  2527 | D:4      | Killed Sigmund
  2567 | D:4      | Reached XP level 8. HP: 51/51 MP: 8/8
  2617 | D:4      | Found an oddly glowing altar of Pakellas.
  2618 | D:4      | Noticed an ice dragon
  3247 | D:5      | Found Ucuojes's Gadget Shop.
  3308 | D:5      | Reached skill level 5 in Maces & Flails
  3479 | D:5      | Noticed Crazy Yiuf
  3487 | D:5      | Killed Crazy Yiuf
  3785 | D:6      | Gained mutation: You have sharp toenails. [potion of mutation]
  3785 | D:6      | Gained mutation: You are weak. (Str -2) [potion of mutation]
  3785 | D:6      | Gained mutation: You are partially covered in thin metallic scales (AC +2). [potion of mutation]
  3785 | D:6      | HP: 2/52 [orc warrior/long sword (6)]
  3804 | D:6      | Mangled by an orc warrior

Skill      XL: |  1  2  3  4  5  6  7  8 |
---------------+-------------------------+-----
Armour         | 4 5 6 |  6.4
Fighting       | 4 5 6 |  6.4
Maces & Flails | 3 4 5 |  5.2
Shields        | 4 5 6 |  6.1

Action                   |  1- 3 |  4- 6 |  7- 9 || total
-------------------------+-------+-------+-------++-------
Melee: Flail             |   100 |   170 |       ||   270
       Mace              |       |    96 |   301 ||   397
       Kick              |       |       |     3 ||     3
  Use: Scroll            |       |     7 |       ||     7
       Potion            |       |     3 |     6 ||     9
  Eat: Chunk             |       |     5 |     6 ||    11
Armor: Scale mail        |    58 |   195 |   196 ||   449
Dodge: Dodged            |    42 |   110 |   124 ||   276
Block: Shield            |    43 |   183 |   221 ||   447
